 Dungeon Crawl Stone Soup version 0.31-a0-472-g43a2ca8e1b (webtiles) character file.

Game seed: 18229025401626623938

65 AIAndy the Ruffian (level 4, 0/28 HPs)
             Began as an Octopode Shapeshifter on Aug 6, 2023.
             Slain by a centaur (6 damage)
             ... on level 3 of the Dungeon.
             The game lasted 00:04:29 (1079 turns).

AIAndy the Ruffian (Octopode Shapeshifter)          Turns: 1079, Time: 00:04:30

Health: 0/28       AC:  1    Str: 16    XL:     4   Next: 14%
Magic:  4/4        EV: 13    Int: 10    God:
Gold:   121        SH:  0    Dex: 12    Spells: 3/3 levels left

rFire   . . .        g - +6 dagger of Perfectionism {flame, rElec}
rCold   . . .        (no shield)
rNeg    . . .        (helmet currently unavailable)
rPois   .            (no amulet)
rElec   +            (no ring)
rCorr   .            (no ring)
SInv    .            (no ring)
Will    .....        (no ring)
Stlth   ++           (no ring)
HPRegen 0.24/turn    (no ring)
MPRegen 0.09/turn    (no ring)
                     (no ring)

%: no passive effects
@: beast-form
A: beast (slay +2), almost no armour, amphibious, 8 rings, camouflage 1,
gelatinous body 1, (nimble swimmer 1), tentacles
a: Begin Untransformation


You were on level 3 of the Dungeon.
You were a hulking beast.
You visited 1 branch of the dungeon, and saw 3 of its levels.

You collected 121 gold pieces.


Innate Abilities, Weirdness & Mutations

You are a hulking beast.
Your limbs bulge with bestial killing power. (Slay +2)
You cannot wear most types of armour.
You are amphibious.
You can wear up to eight rings at the same time.
Your skin changes colour to match your surroundings (Stealth+).
Your rubbery body absorbs attacks. (AC +1, EV +1)
((You are camouflaged when in or above water. (Stealth+)))
You have tentacles for arms and can constrict up to eight enemies at once.


   Skills:
 + Level 1.2 Fighting
 + Level 0.4 Short Blades
 - Level 2.0 Dodging
 - Level 3.9 Unarmed Combat
 + Level 3.7 Shapeshifting


You had 3 spell levels left.
You didn't know any spells.
Your spell library was empty.

Inventory:

Hand Weapons
 g - the +6 dagger of Perfectionism (weapon) {flame, rElec}
   (You found it on level 2 of the Dungeon)

   rElec:     It insulates you from electricity.
Talismans
 b - a beast talisman (active)
Scrolls
 c - 2 scrolls of identify {unknown}
 d - a scroll of teleportation {unknown}
 h - 2 scrolls of revelation
Potions
 a - 2 potions of lignification {!q}
 e - a potion of heal wounds {unknown}
 f - a potion of might {unknown}

Dungeon Overview and Level Annotations

Branches:
Dungeon (2/15)

Altars:

Shops:
D:2

(
*,**,,,,,,,,,#...............†..
**,,,,,,,,,**,#.##########......#
,+,,,,,,,,,**,#.# #......#
**,,,,,,,,,**,#.# #.......
***+***,,,,,,#.# #.#.#.## *,*
*,,,,,*#.# #.#.#.# *,* *,,,,,*#.#
#.#.#.# *,* *,,,,,,#.######
#.#.#.#* ****,* *,,,,,,#.h....#
*,*,*,*, ,,,,,* *,,,,,,#.hc...#
*,*,,,*, ******
******,#......#****,*****,
*,#.........**,,,,,,,
*,#.........*********
*,#..^......* *,,,*
*,#.........*****,*,*
*,..........,,,,,,*,*
***,***************,*


You could see a centaur and a jackal.


Message History

You puncture the kobold! You burn the kobold.
You kill the kobold!
The jackal barely misses you.
You hit the centaur. You burn the centaur.
The centaur is moderately wounded.
The centaur hits you. The centaur kicks you. The jackal bites you.
The centaur hits you.
* * * LOW HITPOINT WARNING * * *
The centaur barely misses you.
You hit the centaur. You burn the centaur. You tentacle-slap the centaur.
Your squeeze misses the centaur.
The centaur is severely wounded.
The jackal bites you.
* * * LOW HITPOINT WARNING * * *
The centaur hits you.
* * * LOW HITPOINT WARNING * * *
The centaur kicks you.
* * * LOW HITPOINT WARNING * * *
The jackal bites you.
* * * LOW HITPOINT WARNING * * *
You hit the centaur. You burn the centaur.
The centaur is almost dead.
The centaur completely misses you. The centaur kicks you.
* * * LOW HITPOINT WARNING * * *
The jackal closely misses you. The centaur barely misses you.
The centaur misses you.
You hit the centaur. You burn the centaur.
The centaur is almost dead.
The jackal closely misses you. The centaur hits you.
You die...

Action                     |  1- 3 |  4- 6 || total
---------------------------+-------+-------++-------
  Melee: Unarmed           |    51 |       ||    51
         Tentacles         |    10 |       ||    10
         Constrict         |    14 |       ||    14
         Dagger            |     5 |     6 ||    11
         Punch             |     1 |     1 ||     2
    Use: Scroll            |     1 |       ||     1
   Stab: Sleeping          |     4 |     1 ||     5
 Armour: Skin              |     3 |       ||     3
  Dodge: Dodged            |    22 |     7 ||    29

Levels and vault maps discovered:
D:1:      sevenhm_arrival_forest_fort_small_1, layout_loops_ring,
          minmay_misc_feat_more_columns, columned_hall_lemuel
D:2:      layout_rooms, ebering_ecumenical_altar_abandoned, serial_shops,
          nicolae_shop_back_alley_shop, nicolae_shop_drivethru,
          nicolae_shop_crystal, nicolae_shop_tiny_real_fake_doors,
          nicolae_shop_just_a_little_nook
D:3:      layout_basic, portal_sewer_entry_b, serial_corexii_hall,
          corexii_hall_statues_i, chequers_hall_statues_y

Notes
Turn   | Place    | Note
-------+----------+-------------------------------------------
     0 | D:1      | AIAndy the Octopode Shapeshifter began the quest for the
                  | Orb.
     0 | D:1      | Reached XP level 1. HP: 13/13 MP: 1/1
    80 | D:1      | Reached XP level 2. HP: 18/18 MP: 2/2
   408 | D:1      | Reached XP level 3. HP: 23/23 MP: 3/3
   960 | D:2      | Identified the +6 dagger of Perfectionism {flame, rElec}
   966 | D:2      | Found Obaegy's Antique Weapon Emporium.
  1022 | D:2      | You fall into a shaft and drop 1 floor!
  1050 | D:3      | Reached XP level 4. HP: 28/28 MP: 4/4
  1073 | D:3      | Noticed a centaur
  1079 | D:3      | Slain by a centaur

Vanquished Creatures
  2 adders
  A worm (D:2)
  2 dart slugs
  6 endoplasms
  3 giant cockroaches
  3 goblins (D:1)
  3 hobgoblins
  2 jackals (D:1)
  3 ball pythons
  A bat (D:1)
  6 frilled lizards
  4 kobolds
  3 rats (D:1)
39 creatures vanquished.

Table legend: (Time is in decaauts)
 A = Elapsed time spent in this place.
 B = Non-inter-level travel time spent in this place.
 C = Inter-level travel time spent in this place.
 D = Time resting spent in this place.
 E = Time spent auto-exploring this place.
 F = Levels seen in this place.
 G = Mean time per level.
                   A        B        C        D        E       F      G
               +--------+--------+--------+--------+--------+-----+--------+
         Total |   1075 |   1024 |     51 |     12 |    748 |   3 |  358.3 |
       Dungeon |   1075 |   1024 |     51 |     12 |    748 |   3 |  358.3 |
               +--------+--------+--------+--------+--------+-----+--------+

Top non-repeatable levels by time:
     D:1: 799 daAuts
     D:2: 219 daAuts
     D:3: 56 daAuts

Table legend:
 A = Non-vault XP
 B = Vault XP
 C = Vault XP percentage of total XP
 D = Non-vault monster count
 E = Vault monster count
 F = Vault count percentage of total count
                 A         B        C        D         E       F
            +---------+---------+-------+---------+---------+-------
      Total |      94 |       0 |   0.0 |      39 |       0 |   0.0
            +---------+---------+-------+---------+---------+-------
        D:1 |      40 |       0 |   0.0 |      25 |       0 |   0.0
        D:2 |      36 |       0 |   0.0 |      11 |       0 |   0.0
        D:3 |      18 |       0 |   0.0 |       3 |       0 |   0.0
            +---------+---------+-------+---------+---------+-------
